Map: Ever Dream LE

Players

Pazuzu - Winner!

  • Race: Terran Terran
  • League: Bronze
  • Spawn Location: 7:00

A.I. 1 (Medium)

  • Race: Protoss Protoss
  • Spawn Location: 1:00

VOD

Have the link to the VOD?

Description

Time

  • Played on: June 16, 2020, 3:07 p.m.
  • Length: 9:25
Show
View Real Time Build Order
Export as new Build Order

Pazuzu Terran - Winner!

Build Orders:  

Get SALT Encoding   

  12  0:03  SCV  
  13  0:15  SCV  
  14  0:23  Supply Depot  
  14  0:27  SCV  
  15  0:44  SCV  
  15  0:48  Barracks  
  16  0:53  Refinery  
  16  0:56  SCV  
  17  1:08  SCV  
  18  1:20  SCV  
  19  1:33  SCV  
  19  1:34  Supply Depot  
  20  1:42  Refinery  
  20  1:45  SCV  
  21  1:54  Factory  
  21  1:57  SCV  
  22  2:07  Command Center  
  22  2:11  Orbital Command  
  22  2:17  Barracks Tech Lab  
  22  2:47  Starport  
  22  2:48  SCV  
  23  2:55  Siege Tank  
  26  3:00  SCV  
  26  3:02  Barracks Tech Lab  
  27  3:12  SCV  
  28  3:20  Orbital Command  
  28  3:25  SCV  
  29  3:37  SCV  
  30  3:44  Fusion Core  
  30  3:46  SCV  
  31  3:49  SCV  
  31  3:50  Barracks Reactor  
  32  3:58  SCV  
  32  4:00  Supply Depot  
  32  4:01  Supply Depot, SCV  
  34  4:11  SCV  
  34  4:13  SCV  
  36  4:20  Refinery  
  36  4:23  SCV  
  37  4:25  SCV  
  37  4:28  Marine  
  37  4:29  Marine  
  40  4:33  Battlecruiser  
  40  4:35  SCV  
  47  4:38  SCV  
  47  4:44  Command Center  
  48  4:46  Marine x2  
  48  4:47  SCV  
  48  4:50  SCV  
  52  4:59  SCV  
  53  5:00  Refinery  
  53  5:02  SCV  
  53  5:03  Weapon Refit  
  53  5:05  Marine x2  
  56  5:11  SCV  
  56  5:13  Bunker  
  57  5:15  SCV  
  58  5:21  Supply Depot  
  58  5:23  SCV, Supply Depot  
  58  5:25  Starport  
  58  5:28  Marine x2  
  61  5:32  SCV  
  62  5:45  Marine  
  62  5:46  Marine  
  64  5:51  Battlecruiser  
  70  6:03  Marine x2  
  72  6:27  Orbital Command  
  72  6:30  SCV x2  
  74  6:32  Refinery  
  74  6:37  Refinery  
  74  6:38  Battlecruiser  
  80  6:42  SCV  
  80  6:43  SCV  
  82  6:58  SCV  
  82  6:59  SCV x2  
  85  7:01  Battlecruiser  
  85  7:03  Marine  
  85  7:04  Marine  
  93  7:19  Supply Depot  
  93  7:20  Supply Depot  
  93  7:28  Command Center  
  93  7:29  Marine x2, SCV x3  
  98  7:41  SCV x2  
  98  7:42  Battlecruiser  
  98  7:44  Supply Depot  
  106  7:45  Supply Depot  
  106  7:46  Marine  
  107  7:59  Marine  
  107  8:04  Marine  
  109  8:06  Battlecruiser  
  109  8:11  SCV x3  
  118  8:17  Marine  
  119  8:22  Marine, Factory Tech Lab  
  119  8:23  SCV x3  
  123  8:33  Starport  
  123  8:35  SCV x3  
  123  8:37  Starport  
  123  8:39  Marine  
  123  8:40  Marine  
  128  8:47  SCV  
  135  8:56  Marine  
  135  8:58  Marine  
  137  9:06  Supply Depot  
  137  9:07  Supply Depot  
  137  9:10  Supply Depot  
Show
View Real Time Build Order
Export as new Build Order

A.I. 1 (Medium) Protoss 

Build Orders:  

Get SALT Encoding   

  12  0:00  Probe  
  13  0:13  Probe  
  14  0:19  Pylon  
  14  0:25  Probe  
  15  0:33  Probe  
  15  0:41  Probe  
  16  0:47  Assimilator  
  17  0:50  Gateway  
  17  0:51  Probe  
  18  1:01  Pylon  
  18  1:28  Gateway  
  18  1:33  Assimilator  
  18  1:39  Cybernetics Core  
  18  1:44  Zealot  
  20  2:03  Pylon  
  20  2:10  Adept  
  20  2:16  Warp Gate  
  22  2:34  Zealot  
  24  2:48  Adept  
  24  2:50  Pylon  
  26  3:10  Probe  
  26  3:11  Adept  
  29  3:22  Probe  
  30  3:29  Adept  
  30  3:30  Pylon  
  30  3:34  Probe  
  33  3:44  Forge  
  33  3:46  Probe  
  33  3:47  Stalker  
  36  3:58  Probe  
  37  4:07  Adept  
  39  4:10  Probe  
  39  4:22  Probe  
  40  4:25  Adept  
  42  4:44  Adept  
  44  5:47  Probe  
  43  5:55  Probe  
  43  5:56  Stalker  
  41  6:04  Probe  
  38  6:14  Probe  
  38  6:15  Adept  
  35  6:22  Probe  
  28  6:33  Probe  
  28  6:34  Stalker  
  25  6:41  Stalker  
  25  6:45  Probe  
  26  6:53  Nexus  
  20  6:56  Stalker  
  20  6:57  Probe  
  17  7:02  Robotics Facility  
  17  7:04  Zealot  
  8  7:16  Probe  
  8  7:19  Adept  
  7  7:26  Stalker  
  7  7:28  Probe  
  7  7:35  Stalker  
  6  7:40  Probe  
  7  7:47  Observer  
  7  7:49  Sentry  
  4  8:02  Pylon  
  3  8:07  Probe  
  4  8:19  Probe  
  5  8:31  Probe  
  4  8:43  Probe  
  4  8:55  Probe  
  5  9:10  Probe  
Tags
 
League
Bronze
Matchup
PvT
Spawn Locations
Cross Positions
Add a new tag
Caveats
  • Supply blocks, unpowered buildings, or Contaminate may cause inaccurate times.
  • Supply counts are checked every 10 seconds.